AoeStats
← Weini_SK

Arabia

510373311Analyzed
1v1 RM · 23h ago on Sep 30, 2026· 41m 44s· 2 players
Game mode
Random Map
Map size
Tiny (2 player)
Population
200
Speed
Normal
Resources
Standard
Victory
Conquest
Starting age
Dark Age
Ending age
Imperial Age
RankedLock teamsTeams togetherTeam positionsShared explorationLock speedFull tech treeHidden civsTurbo modeCheats
Victory
Defeat
🇨🇦 Maya · Canada
819
+17
🇸🇰 Teutons · Slovakia
851
-46
CivArtagen
0:26 Loom
8:41 Feudal Age
9:12 Double-Bit Axe
15:51 Horse Collar
20:19 Castle Age
18:38 Fletching
19:55 Padded Archer Armor
20:22 Crossbowman
21:08 Bodkin Arrow
25:00 Wheelbarrow
26:18 Leather Archer Armor
33:36 Imperial Age
31:21 Careening
31:21 Clinker Construction
31:35 Ballistics
33:32 Bow Saw
35:27 Chemistry
34:30 Bracer
33:53 Arbalester
35:06 Thumb Ring
Weini_SK
7:57 Loom
13:40 Feudal Age
14:07 Double-Bit Axe
14:19 Horse Collar
15:52 Stone Mining
16:16 Arson
19:34 Wheelbarrow
19:52 Fletching
20:02 Padded Archer Armor
20:13 Forging
23:43 Forging
23:34 Scale Mail Armor
26:56 Castle Age
25:03 Gold Mining
27:50 Bow Saw
27:43 Heavy Plow
29:40 Squires
29:28 Gambesons
29:41 Bodkin Arrow
30:02 Leather Archer Armor
30:22 Iron Casting
30:09 Elite Skirmisher
30:11 Crossbowman
30:18 Pikeman
33:17 Chain Mail Armor
34:08 Town Watch
34:53 Town Patrol
35:19 Guard Tower
35:20 Heated Shot
40:33 Imperial Age
39:00 Hand Cart
40:39 Ballistics
40:50 Halberdier
Connection lost

Rejoining the realm…

Still unreachable

The connection could not be restored.

Session expired

The server has moved on; the page needs a fresh start.